 Dungeon Crawl Stone Soup version 0.21.0-3-g78d12a8 (webtiles) character file.

97874 Flooderbenga the Blocker (level 16, -1/118 HPs)
             Began as an Octopode Abyssal Knight on Jan 9, 2018.
             Was the Champion of Lugonu.
             Slain by a five-headed hydra (11 damage)
             ... on level 4 of the Swamp.
             The game lasted 05:40:48 (44535 turns).

Flooderbenga the Blocker (Octopode Abyssal Knight) Turns: 44535, Time: 05:40:49

Health: -1/118     AC:  6    Str: 20    XL:     16   Next: 20%
Magic:  0/41       EV: 22    Int: 17    God:    Lugonu [******]
Gold:   1196       SH: 17    Dex: 16    Spells: 13/24 levels left

rFire    x . .     SeeInvis .   a - +7 captain's cutlass {speed, disarm}
rCold    + . .     Gourm    .   j - +3 shield {AC+3}
rNeg     . . .     Faith    .   (helmet restricted)
rPois    +         Spirit   +   S - amulet of guardian spirit
rElec    .         Reflect  .   k - ring of magical power
rCorr    +         Harm     .   o - ring of resist corrosion
MR       +....                  i - ring of wizardry
Stlth    +++++++...             L - ring of magical power
HPRegen  0.29/turn              D - +3 ring of slaying
MPRegen  0.27/turn              m - ring of poison resistance
                                Z - +3 ring of dexterity
                                w - ring "Yxkywka" {Ice Str+6 Stlth+}

@: lethally poisoned (-1 -> -4)
A: almost no armour, stealthy swim, amphibious, 8 rings, constrict 8, icy blue
scales 1, camouflage 1, gelatinous body 1
a: Depart the Abyss, Bend Space, Banish, Corrupt, Enter the Abyss, Brand Weapon
With Distortion, Renounce Religion


You were on level 4 of the Swamp.
You worshipped Lugonu.
Lugonu was exalted by your worship.
You were near starving.

You visited 4 branches of the dungeon, and saw 27 of its levels.
You visited the Abyss 1 time.
You also visited: Labyrinth.

You collected 3057 gold pieces.
You spent 1861 gold pieces at shops.

Inventory:

Hand Weapons
 a - the +7 captain's cutlass (weapon) {speed, disarm}
   (You bought it in a shop on level 10 of the Dungeon)

   Attacks with this weapon are significantly faster.
 b - the +10 hunting sling of Uncertain Death {venom, +Fly}
   (You found it on level 1 of the Lair of Beasts)

   It poisons the ammo it fires.
   It lets you fly.
 e - the +10 short sword of Peril {holy, +Fly Int-5 Dex+3}
   (You bought it in a shop on level 10 of the Dungeon)

   It has been blessed by the Shining One to cause great damage to the undead
   and demons.
   It affects your intelligence (-5).
   It affects your dexterity (+3).
   It lets you fly.
 l - the +4 short sword of True Grit {drain, rElec rF- Str+3 SInv}
   (You bought it in a shop on level 2 of the Orcish Mines)

   A truly terrible weapon, it drains the life of those it strikes.
   It affects your strength (+3).
   It makes you vulnerable to fire.
   It insulates you from electricity.
   It lets you see invisible.
 Y - the +6 hunting sling of Distant Shores {freeze, Dex+7}
   (You found it on level 1 of the Lair of Beasts)

   It causes projectiles fired from it to freeze those they strike, causing
   extra injury to most foes and up to half again as much damage against
   particularly susceptible opponents.
   They can also slow down cold-blooded creatures.
   It affects your dexterity (+7).
Missiles
 g - a javelin (quivered)
 p - 23 sling bullets
Armour
 j - a +3 shield of protection (worn)
Jewellery
 i - a ring of wizardry (on tentacle)
 k - a ring of magical power (left tentacle)
 m - a ring of poison resistance (on tentacle)
 o - a ring of resist corrosion (right tentacle)
 w - the ring "Yxkywka" (on tentacle) {Ice Str+6 Stlth+}
   (You acquired it on level 1 of the Swamp)

   [ring of ice]

   It enhances your ice magic.
   It affects your strength (+6).
   It makes you vulnerable to fire.
   It protects you from cold.
   It makes you more stealthy.
 D - a +3 ring of slaying (on tentacle)
 H - a +2 amulet of reflection
 L - a ring of magical power (on tentacle)
 S - an amulet of guardian spirit (around mantle)
 W - a cursed amulet of inaccuracy
 Z - a +3 ring of dexterity (on tentacle)
Wands
 y - a wand of digging (11) {@v4}
 I - a wand of acid (6)
 M - a wand of clouds (6)
 N - a wand of iceblast (7)
 T - a wand of paralysis (17)
Scrolls
 d - a scroll of silence
 f - 6 scrolls of remove curse {@r2}
 s - 5 scrolls of fear {@r5}
 x - 8 scrolls of teleportation {@r3}
 z - 5 scrolls of magic mapping
 A - 2 scrolls of blinking {@r4}
 C - 2 scrolls of fog {@r4}
 G - 3 scrolls of holy word
 J - a scroll of brand weapon
 O - 3 scrolls of summoning {unknown}
Potions
 c - 7 potions of lignification
 h - 6 potions of heal wounds {@q2}
 q - 11 potions of curing {@q1}
 t - a potion of mutation
 u - 5 potions of flight
 v - 2 potions of magic
 B - 5 potions of haste {@q3}
 E - 6 potions of brilliance
 F - 6 potions of might {@q4}
 K - 3 potions of agility {@q5}
 Q - 3 potions of cancellation
 R - a potion of ambrosia
 V - a potion of resistance {unknown}
 X - 3 potions of invisibility {unknown}
Books
 P - a book of Flames

   Spells                             Type                      Level
   a - Flame Tongue                   Conjuration/Fire             1
   b - Throw Flame                    Conjuration/Fire             2
   c - Conjure Flame                  Conjuration/Fire             3
   d - Inner Flame                    Hexes/Fire                   3
   e - Sticky Flame                   Conjuration/Fire             4
   f - Fireball                       Conjuration/Fire             5
Miscellaneous
 U - a phial of floods
Comestibles
 n - 42 rations


   Skills:
 + Level 13.7 Fighting
 - Level 5.0 Short Blades
 - Level 2.5(3.0) Slings
 - Level 2.0(2.6) Throwing
 + Level 12.7 Dodging
 - Level 7.0 Stealth
 * Level 14.0 Shields
 - Level 2.0 Unarmed Combat
 + Level 4.8 Spellcasting
 + Level 5.9 Conjurations
 - Level 3.0 Hexes
 - Level 3.0 Summonings
 - Level 3.0 Necromancy
 - Level 3.0 Translocations
 * Level 3.8 Fire Magic
 - Level 4.1 Air Magic
 - Level 5.0 Poison Magic
 + Level 8.1 Invocations
 - Level 2.0 Evocations


You had 13 spell levels left.
You knew the following spells:

 Your Spells              Type           Power        Failure   Level  Hunger
a - Confusing Touch       Hex            ##....       1%          1    None
b - Summon Small Mammal   Summ           ##..         1%          1    None
c - Mephitic Cloud        Conj/Pois/Air  ###.....     2%          3    ###....
d - Sticky Flame          Conj/Fire      ###.....     9%          4    ####...
z - Animate Skeleton      Necr           N/A          1%          1    None
A - Apportation           Tloc           ##....       1%          1    None


Dungeon Overview and Level Annotations

Branches:
Dungeon (15/15)            Temple (0/1) D:7            Lair (6/6) D:10
  Swamp (4/4) Lair:3        Snake (0/4) Lair:2        Slime (0/5) Lair:6
    Orc (2/2) D:10            Elf (0/3) Orc:2        Vaults (0/5) D:13
 Depths: D:15

Altars:
Dithmenos
Fedhas
Hepliaklqana
Nemelex Xobeh
Okawaru
Vehumet
Wu Jian
Xom
The Shining One

Shops:
D:10 *(   D:12 !   D:13 (   Orc:2 *[(=

Annotations:
D:5 exclusion: upstairs, Blork the orc
D:6 Menkaure
D:7 exclusions: 3 gnolls and howler monkey, Joseph, Prince Ribbit
D:12 corrupted
D:15 exclusion: orange crystal statue
Lair:2 corrupted
Swamp:4 corrupted, Lernaean hydra


Innate Abilities, Weirdness & Mutations

You cannot wear most types of armour.
You are very stealthy in the water. (Stealth+)
You are amphibious.
You can wear up to eight rings at the same time.
You can use your tentacles to constrict eight enemies at once.
Your skin changes colour to match your surroundings (Stealth+).
Your rubbery body absorbs attacks. (AC +1, EV +1)
You are partially covered in icy blue scales. (AC +2)


Message History

The worldbinder calls forth creatures from the Swamp!
The eight-headed hydra closely misses you. x2
The eight-headed hydra misses you. The eight-headed hydra bites you.
* * * LOW HITPOINT WARNING * * *
The eight-headed hydra closely misses you.
The eight-headed hydra misses you.
The eight-headed hydra completely misses you.
The eight-headed hydra barely misses you.
The spriggan rider throws a stone.
The stone hits the large abomination.
The large abomination closely misses the spriggan rider.
The small abomination barely misses the five-headed hydra.
The neqoxec hits you.
* * * LOW HITPOINT WARNING * * *
You block the five-headed hydra's attack.
The five-headed hydra closely misses you.
The five-headed hydra bites you.
* * * LOW HITPOINT WARNING * * *
You block the five-headed hydra's attack.
The five-headed hydra bites you!
You die...

♣♣≈........≈≈≈§≈≈≈§≈.≈♣.≈≈.
♣............≈....§≈≈..≈.≈♣
♣≈≈♣F#.#....♣≈..♣♣≈≈≈≈≈≈≈≈♣
♣♣♣.....≈#X≈v.y.♣.♣≈♣♣♣≈≈≈≈♣
♣♣♣≈.≈#.(....≈X#.5.X.♣♣♣♣.≈≈.♣
♣≈≈≈≈....#≈..≈3xX..≈≈≈≈♣♣♣≈≈≈♣
.≈≈≈≈.#5.h..x≈Dv3#≈≈.≈≈≈♣♣≈≈.≈
.≈≈≈≈≈.....tD#Dk(#≈≈.≈≈≈.♣.≈≈.
...≈≈..#...x2@#i≈(≈..≈≈≈.♣♣♣♣≈
.♣♣♣♣♣.....#3#D.iD.k.♣...≈.≈≈.
.....D.≈XRh3(...♣♣♣♣≈≈(≈
.§.#4..≈h..##.#.♣♣ ♣≈♣♣D
♣♣.≈#.. x#♣Xi.i.(♣♣♣♣§§.
♣#≈.♣. .h♣.#.#k.≈§♣§§F. ...#.
.♣♣≈......D.≈≈§≈ # ####
#♣♣♣♣#..≈.≈D.≈≈≈
k♣♣♣.≈.♣♣≈♣.≈§♣


You could see the 27-headed Lernaean hydra, an eight-headed hydra, a
seven-headed hydra, 2 five-headed hydras, a spriggan rider, 2 swamp drakes, a
spriggan, a neutral starcursed mass, a neutral quicksilver dragon, a neutral
tentacled starspawn, a neutral green death, a neutral rakshasa, a neutral
apocalypse crab, a neutral thrashing horror, 3 neutral large abominations, a
neutral ice devil, a neutral worldbinder, a neutral sixfirhy, 3 neutral raiju, a
neutral hog, a neutral blink frog, 2 neutral neqoxecs, a neutral ynoxinul, a
neutral vampire mosquito, 3 neutral small abominations, 2 neutral insubstantial
wisps, a neutral iron imp and a neutral ufetubus.

Vanquished Creatures
  Jorgrun (Swamp:3)
  Rupert (Lair:6)
  Frances (D:13)
  Kirke (Swamp:1)
  A thorn hunter (Swamp:3)
  Donald (Swamp:1)
  An orc warlord (D:10)
  A very ugly thing (Swamp:3)
  A dire elephant (Lair:6)
  Nessos (D:13)
  A vault guard (D:13)
  9 hydras
  Erica (D:11)
  A catoblepas (Lair:6)
  A centaur warrior (D:15)
  2 two-headed ogres (D:11)
  A deep troll shaman (Lair:6)
  2 orc high priests (Orc:2)
  3 death yaks (Lair:6)
  A tengu warrior (D:14)
  An alligator (Swamp:3)
  A spriggan druid (Swamp:3)
  5 swamp dragons
  2 unseen horrors
  A shambling mangrove (Swamp:4)
  5 lindwurms
  3 orc knights
  An oklob plant (Lair:2)
  A manticore (D:15)
  13 ugly things
  5 orc sorcerers (Orc:2)
  10 elephants
  5 black mambas
  A gargoyle (D:15)
  A centaur skeleton (D:15)
  A rime drake (Lair:4)
  A redback zombie (D:14)
  14 spiny frogs
  A kobold demonologist (D:15)
  8 komodo dragons
  A tengu conjurer (D:14)
  A polar bear (Lair:3)
  22 blink frogs
  13 hornets
  3 trolls
  6 tyrant leeches
  A harpy skeleton (D:14)
  7 bog bodies
  5 hippogriffs
  4 slime creatures (Swamp:1)
  3 shadows
  8 redbacks (D:15)
  6 hogs
  24 yaks
  5 spriggans
  2 wraiths (D:14)
  2 basilisks
  7 vampire mosquitoes
  A human (D:7)
  A fire elemental (D:12)
  A hungry ghost (Lab)
  5 insubstantial wisps (Swamp:1)
  9 wargs
  A hell hound (D:12)
  14 swamp worms
  2 soldier ants (D:11)
  10 water moccasins
  10 porcupines
  7 swamp drakes
  3 hornet zombies
  27 orc warriors
  2 ice beasts
  6 phantoms
  4 black bears
  2 necrophages
  4 sky beasts
  10 ogres
  8 wolves
  9 centaurs
  15 crocodiles
  A big kobold (D:10)
  The ghost of Daviar the Vexing, an amateur VSAM (D:3)
  21 bullfrogs
  A gnoll sergeant (D:8)
  A water moccasin zombie (D:10)
  5 scorpions
  A wyvern skeleton (D:12)
  5 killer bees (D:6)
  14 wights
  3 electric eels (Lair:1)
  3 howler monkeys (D:13)
  2 centaur zombies (D:11)
  5 crimson imps
  14 orc priests
  4 hounds
  4 jellies
  3 bullfrog zombies
  5 iguanas
  14 orc wizards
  6 worker ants
  2 hound zombies
  A howler monkey zombie (D:5)
  A worker ant zombie (D:9)
  5 gnolls (D:8)
  10 adders
  3 shadow imps
  An adder zombie (D:5)
  2 worms
  A dart slug (D:2)
  7 leopard geckos
  63 orcs
  2 ball pythons
  10 giant cockroaches
  9 goblins
  4 hobgoblins
  7 jackals
  4 quokkas
  9 bats
  5 frilled lizards (D:1)
  9 kobolds
  2 leopard gecko skeletons
  11 rats
  A briar patch (Swamp:3)
  A bush (Lair:2)
  2 butterflies (Lair:2)
  A fire vortex (Lair:6)
  A fungus (Lair:1)
  3 plants (Lair:2)
673 creatures vanquished.

Vanquished Creatures (collateral kills)
  An orc high priest (Orc:2)
  2 orc knights (Orc:1)
  2 ugly things
  A spiny frog (Lair:4)
  A polar bear (Lair:5)
  A wind drake (shapeshifter) (D:15)
  A porcupine (Lair:4)
  A crocodile (Lair:4)
  An orc priest (Orc:1)
11 creatures vanquished.

Vanquished Creatures (others)
  Azrael (D:12)
  A minotaur (Lab)
  A two-headed ogre (D:12)
  An ugly thing (D:12)
  A cyclops (D:12)
  3 black mambas
  2 centaur zombies (D:12)
  A spiny frog (Lair:2)
  2 blink frogs (Lair:2)
  A hornet (D:7)
  A hippogriff (D:12)
  5 dream sheep (D:12)
  6 yaks
  A human (Swamp:1)
  3 fire elementals (D:12)
  3 water moccasins (Lair:2)
  3 hell hounds (D:12)
  A sky beast (D:12)
  A centaur (D:9)
  2 bullfrogs (Lair:2)
  An orc priest (D:12)
  A bullfrog skeleton (D:12)
  An orc wizard (D:12)
  4 adders (Lair:2)
  2 orcs (D:12)
  A ball python (Lair:2)
  A butterfly (Lair:2)
  10 fungi
  25 plants
  15 toadstools (Lair:2)
101 creatures vanquished.

Grand Total: 785 creatures vanquished

Notes
Turn   | Place    | Note
-------+----------+-------------------------------------------
     0 | Abyss:1  | Flooderbenga the Octopode Abyssal Knight began the quest for the Orb.
     0 | Abyss:1  | Reached XP level 1. HP: 16/16 MP: 2/2
    59 | Abyss:1  | Noticed a smoke demon
    64 | Abyss:1  | Noticed a golden eye
    81 | Abyss:1  | Found a corrupted altar of Lugonu.
   102 | Abyss:1  | Noticed a chaos spawn
   130 | Abyss:1  | Noticed a wretched star
   191 | Abyss:1  | Noticed a starcursed mass
   225 | Abyss:1  | Noticed an eye of draining
   233 | Abyss:1  | Noticed a large abomination
   247 | Abyss:1  | Noticed a quasit
   251 | D:1      | Escaped the Abyss
   320 | D:1      | Reached skill level 1 in Stealth
   513 | D:1      | Reached XP level 2. HP: 21/21 MP: 3/3
   748 | D:1      | Reached skill level 1 in Short Blades
   889 | D:1      | Reached XP level 3. HP: 26/26 MP: 4/4
  1010 | D:1      | Reached ** piety under Lugonu
  2336 | D:2      | Reached skill level 1 in Shields
  2336 | D:2      | Reached XP level 4. HP: 31/31 MP: 5/5
  2549 | D:3      | Noticed a sky beast
  2554 | D:3      | You fall through a shaft for 2 floors!
  2554 | D:5      | Entered Level 5 of the Dungeon
  2554 | D:5      | Noticed a centaur
  2578 | D:5      | Found an ornate altar of the Wu Jian Council.
  2585 | D:5      | Noticed an ogre
  2591 | D:5      | Noticed a centaur
  2869 | D:4      | Reached skill level 1 in Throwing
  2869 | D:4      | Reached skill level 2 in Shields
  2869 | D:4      | Reached XP level 5. HP: 36/36 MP: 6/6
  3172 | D:3      | Noticed Daviar's ghost (amateur VSAM)
  3646 | D:3      | Killed Daviar's ghost
  3646 | D:3      | Reached skill level 3 in Shields
  3646 | D:3      | Reached XP level 6. HP: 42/42 MP: 7/7
  4298 | D:4      | Reached *** piety under Lugonu
  4539 | D:5      | Reached skill level 5 in Stealth
  4887 | D:4      | Reached XP level 7. HP: 46/46 MP: 8/8
  5018 | D:4      | Reached skill level 4 in Shields
  6357 | D:5      | Reached XP level 8. HP: 35/54 MP: 11/11
  6606 | D:5      | Found a hazy altar of Hepliaklqana.
  6736 | D:5      | Found a glowing golden altar of the Shining One.
  6923 | D:5      | Found a radiant altar of Vehumet.
  6925 | D:5      | Noticed Blork the orc
  6992 | D:6      | Noticed Menkaure
  7026 | D:6      | Reached skill level 5 in Invocations
  7030 | D:6      | Reached skill level 5 in Shields
  8095 | D:6      | Reached skill level 6 in Shields
  8359 | D:7      | Reached **** piety under Lugonu
  8427 | D:7      | Reached XP level 9. HP: 25/60 MP: 14/14
  8684 | D:7      | Found an iron altar of Okawaru.
  8712 | D:7      | Reached skill level 5 in Fighting
  8800 | D:7      | Found a staircase to the Ecumenical Temple.
  8818 | D:7      | Noticed Joseph
  8818 | D:7      | Noticed Prince Ribbit
  9371 | D:7      | Reached skill level 7 in Shields
 10058 | D:7      | Noticed a hornet
 10058 | D:7      | a hog changed into a hornet
 10060 | D:7      | Banished a hornet
 10060 | D:7      | Reached skill level 8 in Shields
 10787 | D:8      | Reached XP level 10. HP: 46/69 MP: 15/15
 10911 | D:8      | Reached skill level 1 in Evocations
 12150 | D:9      | Reached skill level 5 in Short Blades
 13460 | D:9      | Reached skill level 5 in Dodging
 14563 | D:10     | Entered Level 10 of the Dungeon
 14825 | D:10     | Found a staircase to the Lair.
 14879 | D:10     | Found Soarghia's Antique Artefacts.
 14895 | D:10     | Bought a dazzling short sword for 192 gold pieces
 14895 | D:10     | Identified the +10 short sword of Peril {holy, +Fly Int-5 Dex+3} (You bought it in a shop on level 10 of the Dungeon)
 14949 | D:10     | Reached skill level 9 in Shields
 14949 | D:10     | Reached XP level 11. HP: 68/77 MP: 16/16
 15349 | D:10     | Found a staircase to the Orcish Mines.
 16341 | D:10     | Found Xyafuow's Weapon Boutique.
 16853 | D:11     | Noticed a two-headed ogre
 16857 | D:11     | Killed a two-headed ogre
 17101 | D:11     | Noticed Erica
 17428 | Lair:1   | Entered Level 1 of the Lair of Beasts
 17496 | Lair:1   | Found a labyrinth entrance.
 17511 | Lab      | Entered a labyrinth
 17675 | Lab      | Noticed a minotaur
 17680 | Lab      | Banished a minotaur
 17840 | Lair:1   | Learned a level 1 spell: Animate Skeleton
 17842 | Lair:1   | Learned a level 1 spell: Apportation
 17845 | Lair:1   | Learned a level 1 spell: Confusing Touch
 17847 | Lair:1   | Learned a level 1 spell: Summon Small Mammal
 18330 | Lair:2   | Found a staircase to the Snake Pit.
 18343 | Lair:2   | Reached skill level 1 in Hexes
 18343 | Lair:2   | Reached skill level 1 in Summonings
 18343 | Lair:2   | Reached skill level 1 in Necromancy
 18346 | Lair:2   | Reached skill level 1 in Spellcasting
 18346 | Lair:2   | Reached skill level 1 in Translocations
 18375 | Lair:2   | Corrupted Lair:2
 18375 | Lair:2   | Noticed a large abomination
 18375 | Lair:2   | Noticed a balrug
 18375 | Lair:2   | Noticed a worldbinder
 18375 | Lair:2   | Noticed a large abomination
 18375 | Lair:2   | Noticed a starcursed mass
 18376 | Lair:2   | Noticed a sixfirhy
 18377 | Lair:2   | Noticed an ironheart preserver
 18413 | Lair:2   | Noticed a worldbinder
 18897 | Lair:2   | Reached XP level 12. HP: 49/87 MP: 16/17
 19509 | Lair:2   | Found a blossoming altar of Fedhas.
 19736 | Lair:2   | Got a pitted quarterstaff
 19752 | Lair:2   | Identified the +12 quarterstaff "Buuxt" {venom, rF++ Dex-4} (You found it on level 2 of the Lair of Beasts)
 20091 | Lair:1   | Learned a level 3 spell: Mephitic Cloud
 20135 | Lair:1   | Reached skill level 10 in Shields
 20202 | Lair:1   | Reached skill level 1 in Poison Magic
 20206 | Lair:1   | Got a dazzling hunting sling
 20207 | Lair:1   | Identified the +10 hunting sling of Uncertain Death {venom, +Fly} (You found it on level 1 of the Lair of Beasts)
 20313 | Lair:1   | Got a crude hunting sling
 20314 | Lair:1   | Identified the +6 hunting sling of Distant Shores {freeze, Dex+7} (You found it on level 1 of the Lair of Beasts)
 20601 | Lair:1   | Reached skill level 10 in Fighting
 21388 | Lair:3   | Found a staircase to the Swamp.
 21941 | Lair:3   | Reached skill level 1 in Slings
 22532 | Lair:4   | Reached skill level 1 in Conjurations
 22603 | Lair:4   | Reached skill level 1 in Air Magic
 24019 | Lair:4   | Noticed a six-headed hydra
 24151 | Lair:4   | Killed a six-headed hydra
 24569 | Lair:4   | Reached XP level 13. HP: 36/93 MP: 16/18
 26775 | Lair:5   | Identified the Almanac of Congealing Evil Secrets
 26848 | Lair:5   | Reached skill level 5 in Poison Magic
 27569 | Lair:6   | Entered Level 6 of the Lair of Beasts
 27792 | Lair:6   | Reached ***** piety under Lugonu
 27800 | Lair:6   | Noticed Rupert
 27840 | Lair:6   | Killed Rupert
 27840 | Lair:6   | Reached skill level 11 in Shields
 29073 | Lair:6   | Reached skill level 5 in Conjurations
 29083 | Lair:6   | Reached XP level 14. HP: 73/101 MP: 20/20
 29248 | Lair:6   | Found a staircase to the Slime Pits.
 29457 | Lair:6   | Reached skill level 10 in Dodging
 29664 | Lair:6   | Noticed a dire elephant
 29714 | Lair:6   | Killed a dire elephant
 29974 | Lair:6   | Got an iridescent demon whip
 29975 | Lair:6   | Identified the cursed +1 demon whip "Iciwn" {freeze, +Fly MP+9 Int+4} (You found it on level 6 of the Lair of Beasts)
 30281 | D:11     | Killed Erica
 30879 | D:12     | Noticed Azrael
 30893 | D:12     | Corrupted D:12
 30893 | D:12     | Noticed a starcursed mass
 30898 | D:12     | Noticed a bone dragon
 30924 | D:12     | Killed Azrael
 31225 | D:12     | Found Subagall's Distillery.
 31233 | D:12     | Bought a potion of cancellation for 136 gold pieces
 31233 | D:12     | Bought a potion of flight for 51 gold pieces
 31233 | D:12     | Bought a potion of ambrosia for 136 gold pieces
 31233 | D:12     | Bought 2 potions of heal wounds for 170 gold pieces
 31233 | D:12     | Bought a potion of agility for 68 gold pieces
 31778 | D:12     | Found a shimmering altar of Xom.
 32157 | Orc:1    | Entered Level 1 of the Orcish Mines
 33155 | Orc:2    | Entered Level 2 of the Orcish Mines
 33174 | Orc:2    | Noticed an orc warlord
 33188 | Orc:2    | Reached skill level 12 in Shields
 33858 | D:10     | Killed an orc warlord
 34592 | Orc:2    | Found Caduroerph's Antique Armour Shop.
 34740 | Orc:2    | Found a staircase to the Elven Halls.
 34875 | Orc:2    | Gained mutation: You are partially covered in icy blue scales. (AC +2) [a neqoxec]
 35003 | Orc:2    | Found Uddemn's General Store.
 35499 | Orc:2    | Found Donakefra's Jewellery Shop.
 35528 | Orc:2    | Found Ostretep's Antique Weapon Shop.
 35923 | Orc:2    | Bought a faintly glowing short sword for 240 gold pieces
 35923 | Orc:2    | Identified the +4 short sword of True Grit {drain, rElec rF- Str+3 SInv} (You bought it in a shop on level 2 of the Orcish Mines)
 35938 | Orc:2    | Bought an uncursed ring of poison resistance for 220 gold pieces
 36098 | D:13     | Found a gate to the Vaults.
 36412 | D:13     | Noticed Frances
 36440 | D:13     | Killed Frances
 36701 | D:13     | Found Zurizam's Weapon Shoppe.
 36711 | D:13     | Noticed Nessos
 36727 | D:13     | Killed Nessos
 37247 | D:14     | Found a shadowy altar of Dithmenos.
 37667 | D:14     | Reached XP level 15. HP: 109/109 MP: 21/21
 37706 | D:14     | Reached ****** piety under Lugonu
 38865 | D:15     | Entered Level 15 of the Dungeon
 38881 | D:15     | Reached skill level 13 in Shields
 39327 | D:15     | Identified a scroll of acquirement
 39697 | D:15     | Found a sparkling altar of Nemelex Xobeh.
 40143 | D:10     | Bought the +7 captain's cutlass {speed, disarm} for 648 gold pieces
 40143 | D:10     | Found the +7 captain's cutlass {speed, disarm}
 40269 | Swamp:1  | Entered Level 1 of the Swamp
 40501 | Swamp:1  | Noticed Kirke
 40530 | Swamp:1  | Noticed a sphinx
 40552 | Swamp:1  | Killed Kirke
 40728 | Swamp:1  | Got a crude iron ring
 40729 | Swamp:1  | Identified the ring "Yxkywka" {Ice Str+6 Stlth+} (You acquired it on level 1 of the Swamp)
 40914 | Swamp:1  | Learned a level 4 spell: Sticky Flame
 40977 | Swamp:1  | Noticed Donald
 40983 | Swamp:1  | Killed Donald
 41172 | Swamp:1  | Reached skill level 1 in Fire Magic
 42189 | Swamp:3  | Noticed Jorgrun
 42211 | Swamp:3  | Killed Jorgrun
 42326 | Swamp:3  | Noticed a thorn hunter
 43097 | Swamp:3  | Killed a thorn hunter
 43097 | Swamp:3  | Reached XP level 16. HP: 92/117 MP: 15/22
 43653 | Swamp:4  | Entered Level 4 of the Swamp
 44094 | Swamp:4  | Reached skill level 14 in Shields
 44526 | Swamp:4  | Noticed the 27-headed Lernaean hydra
 44533 | Swamp:4  | Corrupted Swamp:4
 44533 | Swamp:4  | Noticed a tentacled starspawn
 44533 | Swamp:4  | Noticed a quicksilver dragon
 44535 | Swamp:4  | Slain by a five-headed hydra

Skill      XL: |  1  2  3  4  5  6  7  8  9 10 11 12 13 14 15 16 |
---------------+-------------------------------------------------+-----
Stealth        | 2 3 4 5 7 |  7.0
Short Blades   | 1 2 3 4 5 |  5.0
Shields        | 1 2 3 4 6 8 9 10 11 12 13 14 | 14.0
Throwing       | 1 2 |  2.0
Invocations    | 4 6 7 8 |  8.1
Fighting       | 4 6 8 9 10 11 12 13 | 13.7
Dodging        | 5 7 8 9 11 12 | 12.7
Evocations     | 2 |  2.0
Hexes          | 1 3 |  3.0
Summonings     | 1 3 |  3.0
Necromancy     | 1 3 |  3.0
Spellcasting   | 1 3 4 |  4.8
Translocations | 1 3 |  3.0
Poison Magic   | 3 5 |  5.0
Slings         | 2 |  2.5
Conjurations   | 2 5 |  5.9
Air Magic      | 2 4 |  4.1
Fire Magic     | 3 |  3.8
Unarmed Combat | |  2.0

Action                   |  1- 3 |  4- 6 |  7- 9 | 10-12 | 13-15 | 16-18 || total
-------------------------+-------+-------+-------+-------+-------+-------++-------
Melee: Dagger            |    83 |    78 |   264 |   401 |   476 |       ||  1302
       Constrict         |    21 |    23 |    37 |    78 |    96 |    12 ||   267
       Tentacles         |    14 |    21 |    43 |   145 |   163 |    21 ||   407
       Unarmed           |     2 |       |       |    21 |       |       ||    23
       Punch             |     3 |     1 |     2 |    11 |    14 |       ||    31
       Short sword       |       |       |       |   275 |    30 |       ||   305
       Cutlass           |       |       |       |       |   127 |    53 ||   180
 Fire: Hunting sling     |       |    19 |    58 |   135 |   944 |    78 ||  1234
       Blowgun           |       |    14 |    13 |    21 |       |       ||    48
Throw: Stone             |       |     1 |    28 |    15 |     2 |       ||    46
       Javelin           |       |       |    14 |    19 |     9 |       ||    42
       Throwing net      |       |       |       |     1 |     1 |       ||     2
       Tomahawk          |       |       |       |       |     3 |       ||     3
 Cast: Confusing Touch   |       |       |       |     9 |       |       ||     9
       Apportation       |       |       |       |     7 |     3 |       ||    10
       Animate Skeleton  |       |       |       |     6 |    28 |     2 ||    36
       Summon Small Mamm |       |       |       |     1 |       |       ||     1
       Mephitic Cloud    |       |       |       |       |   140 |     5 ||   145
       Sticky Flame      |       |       |       |       |     4 |       ||     4
Invok: Bend Space        |       |     3 |    24 |    30 |    70 |    19 ||   146
       Banish            |       |       |     2 |     6 |       |       ||     8
       Corrupt           |       |       |       |     1 |     1 |     1 ||     3
 Abil: Evoke Flight      |       |       |       |     1 |     2 |       ||     3
Evoke: Wand              |       |       |     4 |     1 |       |       ||     5
       Phial of floods   |       |       |       |       |     2 |       ||     2
  Use: Scroll            |     7 |     4 |       |    10 |    15 |       ||    36
       Potion            |       |       |     3 |     3 |     1 |     2 ||     9
 Stab: Sleeping          |    11 |     6 |    13 |    33 |    11 |       ||    74
       Distracted        |       |     1 |     1 |     3 |       |       ||     5
       Confused          |       |       |       |     3 |    15 |       ||    18
       Held in net/web   |       |       |       |     1 |       |       ||     1
  Eat: Chunk             |     4 |     8 |     6 |    32 |    44 |     5 ||    99
       Ration            |       |       |     4 |     4 |     8 |       ||    16
Armor: Skin              |    10 |    10 |    30 |    35 |    32 |     3 ||   120
Dodge: Dodged            |    39 |    23 |    91 |   209 |   389 |    69 ||   820
Block: Shield            |     2 |    39 |   167 |   340 |   595 |    72 ||  1215
